 Dungeon Crawl Stone Soup version 0.16.1-16-gc44b35d (webtiles) character file.

82 Furman the Conjurer (level 4, 0/27 HPs)
             Began as an Octopode Wizard on Apr 20, 2015.
             Slain by a gnoll
             ... wielding a +0 spear
              (3 damage)
             ... on level 2 of the Dungeon on Apr 25, 2015.
             The game lasted 00:07:51 (2652 turns).

Furman the Conjurer (Octopode Wizard)               Turns: 2652, Time: 00:07:51

Health: 0/27       AC:  1    Str:  6    XL:     4   Next: 43%
Magic:  1/9        EV: 17    Int: 26    God:
Gold:   78         SH:  0    Dex: 15    Spells: 4 memorised, 1 level left

rFire  + . .     SeeInvis .     f - +2 whip (venom)
rCold  + . .     Clarity  .     (no shield)
rNeg   . . .     SustAb   .     b - +0 hat
rPois  +         Gourm    .     (no amulet)
rElec  +         Spirit   .     (no ring)
rCorr  +         Warding  .     (no ring)
rMut   .         Stasis   .     (no ring)
MR     .....                    (no ring)
Stlth  ++++......               (no ring)
                                (no ring)
                                (no ring)
                                (no ring)

@: brilliant, agile, resistant, very slightly contaminated, not resistant to
hostile enchantments, stealthy
A: almost no armour, amphibious, 8 rings, constrict 8, camouflage 1, gelatinous
body 1
a: no special abilities


You were on level 2 of the Dungeon.
You were not hungry.

You visited 1 branch of the dungeon, and saw 2 of its levels.

You collected 78 gold pieces.

Inventory:

Hand weapons
 f - a +2 whip of venom (weapon)
Armour
 b - a +0 hat (worn)
Jewellery
 i - an uncursed ring of stealth {unknown}
Scrolls
 g - 3 scrolls of identify {unknown}
 l - a scroll of amnesia {unknown}
Potions
 k - a potion of agility
Books
 c - a book of Minor Magic

   Spells                             Type                      Level
   a - Magic Dart                     Conjuration                  1
   b - Blink                          Translocation                2
   c - Call Imp                       Summoning                    2
   d - Repel Missiles                 Charms/Air                   2
   e - Slow                           Hexes                        2
   f - Conjure Flame                  Conjuration/Fire             3
   g - Mephitic Cloud                 Conjuration/Poison/Air       3
Comestibles
 a - a meat ration
 d - a bread ration
 j - 3 chunks of flesh


   Skills:
 + Level 0.2 Maces & Flails
 - Level 2.0 Dodging
 - Level 2.6 Stealth
 - Level 3.0 Spellcasting
 + Level 3.9 Conjurations
 - Level 1.1 Summonings
 - Level 1.3 Translocations


You had one spell level left.
You knew the following spells:

 Your Spells              Type           Power        Failure   Level  Hunger
a - Magic Dart            Conj           ####         1%          1    None
b - Blink                 Tloc           N/A          1%          2    ##.....
c - Call Imp              Summ           ####....     1%          2    ##.....
d - Mephitic Cloud        Conj/Pois/Air  ####....     2%          3    ###....


Dungeon Overview and Level Annotations

Branches:
Dungeon (2/15)

Altars:
Makhleb


Innate Abilities, Weirdness & Mutations

You cannot wear most types of armour.
You are amphibious.
You can wear up to eight rings at the same time.
You can use your tentacles to constrict many enemies at once.
Your skin changes colour to match your surroundings (Stealth).
Your rubbery body absorbs attacks (AC +1).


Message History

Drink which item? (? for menu, Esc to quit)
It was a potion of agility.
You feel agile all of a sudden.
You constrict the gnoll, but do no damage.
The gnoll hits you with a spear.
* * * LOW HITPOINT WARNING * * *
Drink which item? (? for menu, Esc to quit)
It was a potion of resistance.
You feel protected.
You constrict the gnoll. The gnoll hits you with a spear.
* * * LOW HITPOINT WARNING * * *
Drink which item? (? for menu, Esc to quit)
It was a potion of curing.
You feel better.
You constrict the gnoll. The gnoll hits you with a spear.
* * * LOW HITPOINT WARNING * * *
Drink which item? (? for menu, Esc to quit)
It was a potion of brilliance.
You feel clever all of a sudden.
You constrict the gnoll. The gnoll hits you with a spear.
You die...

### #.......## # ......... ..
#.......# # #.......#
#.......# #..g....##### #.
#..)..g.#...# ##.##
#....@..#...#
##...####....%..#...# #####
###........########...###...#
#..........##.....#.........#
#........##.###.###.[.....#
#........##.###.###.......##
#..>..)................(...#
#........####.#.###........#
#........# #.#.# #).......##


You could see 2 gnolls.

Vanquished Creatures
  3 gnolls
  An adder (D:2)
  2 ball pythons (D:2)
  8 bats
  2 goblins (D:2)
  7 hobgoblins
  7 kobolds
  A quokka (D:2)
  3 giant geckos
  A giant newt (D:2)
  8 rats
43 creatures vanquished.

Notes
Turn   | Place    | Note
--------------------------------------------------------------
     0 | D:1      | Furman, the Octopode Wizard, began the quest for the Orb.
     0 | D:1      | Reached XP level 1. HP: 11/11 MP: 4/4
   639 | D:1      | Reached XP level 2. HP: 17/17 MP: 0/6
   646 | D:1      | Learned a level 2 spell: Blink
   649 | D:1      | Learned a level 2 spell: Call Imp
  1024 | D:1      | Reached XP level 3. HP: 21/21 MP: 0/7
  1030 | D:1      | Learned a level 3 spell: Mephitic Cloud
  2189 | D:2      | Reached XP level 4. HP: 25/27 MP: 5/9
  2405 | D:2      | Found a burning altar of Makhleb.
  2650 | D:2      | HP: 1/27 [gnoll/spear (4)]
  2652 | D:2      | Slain by a gnoll

Action                   |  1- 3 |  4- 6 || total
-------------------------+-------+-------++-------
Melee: Unarmed           |    15 |       ||    15
       Whip              |     8 |     2 ||    10
 Cast: Magic Dart        |    72 |    19 ||    91
       Mephitic Cloud    |       |     2 ||     2
  Use: Potion            |       |     4 ||     4
  Eat: Chunk             |     4 |     1 ||     5
